 Dungeon Crawl Stone Soup version 0.30-a0-965-g42e074c17a (webtiles) character file.

Game seed: 1052013274749011858

12220 IdlyInterested the Carver (level 11, -3/86 HPs)
             Began as a Demonspawn Gladiator on Mar 30, 2023.
             Was a Priest of Trog.
             Killed from afar by a gargoyle (15 damage)
             ... with a stone arrow
             ... on level 12 of the Dungeon.
             The game lasted 00:41:10 (11027 turns).

IdlyInterested the Carver (Demonspawn Gladiator)   Turns: 11027, Time: 00:41:11

Health: -3/86      AC: 13    Str: 15    XL:     11   Next: 59%
Magic:  20/20      EV: 10    Int: 10    God:    Trog [***...]
Gold:   653        SH:  9    Dex: 14    Spells: 10/10 levels left

rFire   + + .      SeeInvis +    y - +7 scimitar
rCold   . . .      Faith    .    n - +0 buckler
rNeg    + . .      Spirit   .    M - +1 scale mail of the Cuttlefish {rElec MP+9 Slay+2}
rPois   +          Reflect  .    (helmet restricted)
rElec   +          Rampage  .    F - +0 cloak
rCorr   +                        o - +0 pair of gloves
Will    ++...                    (no boots)
Stlth   +                        K - amulet of regeneration
HPRegen 2.14/turn                h - ring of Fosog {rF++ rN+ rCorr Dex-4 SInv}
MPRegen 0.17/turn                k - ring of poison resistance

@: strong-willed, on berserk cooldown, regenerating, slowed, very slow
A: antennae 2, slimy green scales 2, foul stench 2, condensation shield
a: Renounce Religion, Berserk, Trog's Hand


You were on level 12 of the Dungeon.
You worshipped Trog.
Trog was most pleased with you.
You visited 2 branches of the dungeon, and saw 13 of its levels.

You collected 672 gold pieces.
You spent 19 gold pieces at shops.

Inventory:

Hand Weapons
 a - a +0 long sword
 c - a +2 short sword of venom
 r - a +0 falchion
 w - a +0 falchion
 x - a +0 long sword of protection
 y - a +7 scimitar (weapon)
 z - a +0 scimitar
Missiles
 d - 4 throwing nets
 f - 80 stones
 p - 6 boomerangs
 G - 13 curare-tipped darts
 H - 28 poisoned darts (quivered)
 U - a javelin
Armour
 j - +0 steam dragon scales
 n - a +0 buckler (worn)
 o - a +0 pair of gloves (worn)
 s - a +2 robe of willpower
 D - a +2 chain mail of poison resistance
 F - a +0 cloak (worn)
 M - the +1 scale mail of the Cuttlefish (worn) {rElec MP+9 Slay+2}
   (You found it on level 8 of the Dungeon)

   Slay:      It affects your accuracy & damage with ranged weapons and melee
   (+2).
   rElec:     It insulates you from electricity.
   MP:        It affects your magic capacity (+9).
Jewellery
 e - a +6 ring of dexterity
 g - a +6 ring of strength
 h - the ring of Fosog (left hand) {rF++ rN+ rCorr Dex-4 SInv}
   (You found it on level 5 of the Dungeon)

   [ring of positive energy]

   Dex:       It affects your dexterity (-4).
   rF:        It greatly protects you from fire.
   rN:        It protects you from negative energy.
   SInv:      It lets you see invisible.
   rCorr:     It protects you from acid and corrosion.
 k - a ring of poison resistance (right hand)
 K - an amulet of regeneration (around neck)
 Q - a ring of willpower
 R - a ring of ice
Wands
 B - a wand of iceblast (8)
 E - a wand of flame (3)
 I - a wand of mindburst (23)
 J - a wand of charming (8)
 L - a wand of light (17)
 S - a wand of polymorph (7)
Scrolls
 b - 2 scrolls of fog
 l - a scroll of silence
 u - 3 scrolls of teleportation
 A - 2 scrolls of identify
 O - a scroll of magic mapping
 P - 2 scrolls of fear
Potions
 i - 2 potions of lignification
 m - a potion of magic
 q - 2 potions of attraction
 t - a potion of cancellation
 v - a potion of mutation
 C - 2 potions of curing
 N - a potion of heal wounds
 T - a potion of ambrosia


   Skills:
 - Level 8.0 Fighting
 - Level 14.0 Long Blades
 - Level 2.0 Throwing
 + Level 3.0 Armour
 - Level 4.0 Dodging
 - Level 2.0 Stealth
 * Level 4.8 Shields
 - Level 2.0 Evocations


You had 10 spell levels left.
You didn't know any spells.
Your spell library contained the following spells:

 Spells                   Type           Power      Damage    Failure   Level
 Vhi's Electric Charge    Tloc/Air       0%         N/A       99%         3
 Arcjolt                  Conj/Air       0%         1d10      100%        5
 Maxwell's Capacitive Co  Air            0%         ∞         100%        8


Dungeon Overview and Level Annotations

Branches:
Dungeon (12/15)            Temple (1/1) D:7            Lair (0/5) D:11
    Orc (0/2) D:10

Altars:
Ashenzari
Cheibriados
Dithmenos
Fedhas
Gozag
Hepliaklqana
Kikubaaqudgha
Makhleb
Nemelex Xobeh
Okawaru
Qazlal
Ru
Sif Muna
Trog
Uskayaw
Vehumet
Wu Jian
Xom
Yredelemnul

Shops:
D:1 (   D:6 :=[=

Annotations:
D:11 3 runed translucent doors


Innate Abilities, Weirdness & Mutations

You have a pair of antennae on your head.
You are mostly covered in slimy green scales. (AC +3)
You sometimes emit foul miasma when damaged in melee.
A meltable shield of frost defends you. (SH +4)


Message History

The vampire mosquito draws strength from your injuries!
The vampire mosquito bites you but does no damage.
You block the vampire mosquito's attack.
The vampire mosquito bites you!
The vampire mosquito draws strength from your injuries!
The vampire mosquito bites you.
The vampire mosquito bites you but does no damage.
The vampire mosquito bites you.
* * * LOW HITPOINT WARNING * * *
The vampire mosquito draws strength from your injuries!
The gargoyle closely misses you.
You block the vampire mosquito's attack.
You hit the gargoyle.
The gargoyle is lightly damaged.
The vampire mosquito barely misses you.
The vampire mosquito closely misses you.
You block the vampire mosquito's attack. x3
The gargoyle hits you with a +0 dire flail!!
* * * LOW HITPOINT WARNING * * *
You emit a cloud of foul miasma!
The vampire mosquito barely misses you.
The vampire mosquito bites you but does no damage.
You feel much better. The vampire mosquito bites you.
* * * LOW HITPOINT WARNING * * *
The vampire mosquito draws strength from your injuries!
You block the vampire mosquito's attack. x2
The vampire mosquito bites you.
* * * LOW HITPOINT WARNING * * *
The vampire mosquito misses you. The vampire mosquito bites you.
* * * LOW HITPOINT WARNING * * *
The gargoyle hits you but does no damage.
The vampire mosquito closely misses you.
The vampire mosquito bites you!
* * * LOW HITPOINT WARNING * * *
You hit the gargoyle but do no damage.
The gargoyle is lightly damaged.
You block the vampire mosquito's attack. x2
The vampire mosquito bites you but does no damage.
The gargoyle hurls a stone arrow at you.
The stone arrow hits you!
You die...

#8..8#~~~~≈≈≈~~~~~~*** *,*
#8..8####~~~~~~~###******,*
#..................,,,,,,,*
#................#####*****
*#....................,,,*
###..................,,,*
##........(....<...,,,**
######.(.......$y.)....,,,,*
#.[..)††.......@yO.....,,,,*
#......#....###9y......,,,,*
#>.....#....# #......./,,,,*
*#......#....#
#......$.,,,,*
........#....#
#........,,,,*
........#....#
#........,,<,*
........#....#
#........,,,,*
,.....<.#[...#
####+#+##*,,,*
,,,,,,,,*,,,,* *,,,* *,,,*


You could see a two-headed ogre, 3 vampire mosquitoes and a gargoyle.

Vanquished Creatures
  Snorg (D:10)
  3 two-headed ogres
  The ghost of porpoise the Chopper, a novice DsWn of Ru (D:7)
  The ghost of dredge the Slasher, a novice HuBe of Trog (D:6)
  A cyclops (D:12)
  2 gargoyles
  2 kobold demonologists (D:10)
  An unseen horror (D:10)
  A troll (D:10)
  3 wraiths
  A vampire (D:9)
  3 wyverns
  10 yaks
  Grum (D:8)
  2 steam dragons
  Duvessa (D:4)
  4 orc warriors
  3 ice beasts
  2 sky beasts
  2 ogres (D:5)
  A centaur (D:7)
  3 wolves (D:8)
  A bullfrog (D:9)
  A gnoll sergeant (D:7)
  11 kobold brigands
  4 scorpions
  5 wights
  Dowan (D:4)
  5 killer bees (D:9)
  A howler monkey (D:9)
  8 hounds
  6 orc priests
  Crazy Yiuf (D:6)
  2 jellies
  A sleepcap (D:5)
  2 iguanas
  9 orc wizards
  8 adders
  A gnoll (D:6)
  2 white imps
  2 worms
  A dart slug (D:4)
  25 orcs
  8 bats
  7 endoplasms
  A giant cockroach (D:1)
  6 goblins
  6 hobgoblins
  4 jackals (D:2)
  10 kobolds
  4 quokkas
  3 ball pythons
  2 frilled lizards (D:1)
  8 rats
205 creatures vanquished.

Vanquished Creatures (others)
  A troll (D:8)
  2 orc wizards
3 creatures vanquished.

Grand Total: 208 creatures vanquished

Notes
Turn   | Place    | Note
-------+----------+-------------------------------------------
     0 | D:1      | IdlyInterested the Demonspawn Gladiator began the quest for
                  | the Orb.
     0 | D:1      | Reached XP level 1. HP: 16/16 MP: 1/1
    99 | D:1      | Reached skill level 1 in Evocations
   151 | D:1      | Gained mutation: You may rarely emit foul miasma when
                  | damaged in melee. [demonic ancestry]
   151 | D:1      | Reached XP level 2. HP: 21/22 MP: 2/2
   399 | D:1      | Found a faded altar of an unknown god.
   416 | D:1      | Reached skill level 3 in Long Blades
   416 | D:1      | Reached skill level 1 in Stealth
   431 | D:1      | Found Gudde's Weapon Emporium.
   440 | D:1      | Bought 6 stones for 8 gold pieces
   440 | D:1      | Bought 5 stones for 7 gold pieces
   440 | D:1      | Bought 3 stones for 4 gold pieces
   859 | D:2      | Reached skill level 1 in Armour
  1105 | D:2      | Gained mutation: A meltable shield of frost defends you.
                  | (SH +4) [demonic ancestry]
  1105 | D:2      | Reached XP level 3. HP: 23/27 MP: 3/3
  1895 | D:3      | Found a hazy altar of Hepliaklqana.
  1922 | D:3      | Gained mutation: You are partially covered in slimy green
                  | scales. (AC +2) [demonic ancestry]
  1922 | D:3      | Reached XP level 4. HP: 33/33 MP: 4/4
  2022 | D:3      | Found an ancient bone altar of Kikubaaqudgha.
  2065 | D:3      | Reached skill level 4 in Long Blades
  2556 | D:3      | Found a bloodstained altar of Trog.
  2572 | D:3      | Became a worshipper of Trog the Wrathful
  2863 | D:4      | Gained mutation: You have a pair of small antennae on your
                  | head. [demonic ancestry]
  2863 | D:4      | Reached XP level 5. HP: 38/38 MP: 5/5
  3251 | D:4      | Noticed a steam dragon
  3264 | D:4      | Killed a steam dragon
  3265 | D:4      | Reached skill level 5 in Long Blades
  3265 | D:4      | Reached XP level 6. HP: 20/44 MP: 6/6
  3593 | D:4      | Found a shadowy altar of Dithmenos.
  3600 | D:4      | Noticed Duvessa
  3601 | D:4      | Noticed Dowan
  3632 | D:4      | Killed Duvessa
  3649 | D:4      | Killed Dowan
  3718 | D:4      | Reached skill level 6 in Long Blades
  4292 | D:5      | Entered Level 5 of the Dungeon
  4314 | D:5      | Identified the ring of Fosog {rF++ rN+ rCorr Dex-4 SInv}
  4363 | D:5      | Gained mutation: You are mostly covered in slimy green
                  | scales. (AC +3) [demonic ancestry]
  4363 | D:5      | Reached XP level 7. HP: 50/51 MP: 7/7
  4845 | D:5      | Reached skill level 7 in Long Blades
  5317 | D:5      | Reached * piety under Trog
  5502 | D:6      | Reached XP level 8. HP: 59/60 MP: 8/8
  5606 | D:6      | Found Haub's Jewellery Shop.
  5630 | D:6      | Reached skill level 1 in Shields
  5971 | D:6      | Reached skill level 8 in Long Blades
  6090 | D:6      | Found Xylum's Jewellery Shoppe.
  6126 | D:6      | Found a runed translucent gate.
  6126 | D:6      | Found a runed translucent gate.
  6126 | D:6      | Found a runed translucent gate.
  6127 | D:6      | Noticed dredge's ghost (novice HuBe)
  6152 | D:6      | Found a runed translucent door.
  6153 | D:6      | Noticed Crazy Yiuf
  6279 | D:6      | Found an ornate altar of the Wu Jian Council.
  6441 | D:6      | Found Cijonup's Antique Armour Boutique.
  6503 | D:6      | Found Litza's Book Shoppe.
  7140 | D:6      | Killed Crazy Yiuf
  7192 | D:6      | Reached skill level 9 in Long Blades
  7192 | D:6      | Gained mutation: You have a pair of antennae on your head.
                  | [demonic ancestry]
  7192 | D:6      | Reached XP level 9. HP: 65/65 MP: 9/9
  7210 | D:6      | Killed dredge's ghost
  7519 | D:7      | Found a transporter.
  7558 | D:7      | Reached skill level 10 in Long Blades
  7558 | D:7      | HP: 3/65 [orc wizard/+0 dagger (3)]
  7571 | D:7      | Reached ** piety under Trog
  7771 | D:7      | Found a staircase to the Ecumenical Temple.
  8000 | D:7      | Found a transporter.
  8011 | D:7      | Noticed porpoise's ghost (novice DsWn)
  8350 | D:7      | Killed porpoise's ghost
  8351 | D:7      | Reached skill level 11 in Long Blades
  8351 | D:7      | Reached XP level 10. HP: 57/73 MP: 10/10
  8612 | D:8      | Reached skill level 5 in Fighting
  8653 | D:8      | Identified the +1 scale mail of the Cuttlefish {rElec MP+9
                  | Slay+2}
  8722 | Temple   | Entered the Ecumenical Temple
  8886 | D:8      | Noticed Grum
  8895 | D:8      | Killed Grum
  8953 | D:8      | Found a blossoming altar of Fedhas.
  9277 | D:9      | Found a hide-covered altar of Uskayaw.
  9277 | D:9      | Found a burning altar of Makhleb.
  9340 | D:9      | Reached *** piety under Trog
  9448 | D:9      | Noticed a two-headed ogre
  9458 | D:9      | Killed a two-headed ogre
  9459 | D:9      | Reached skill level 12 in Long Blades
 10200 | D:10     | Entered Level 10 of the Dungeon
 10268 | D:10     | Found a staircase to the Orcish Mines.
 10407 | D:10     | Noticed a gargoyle
 10417 | D:10     | Killed a gargoyle
 10418 | D:10     | Gained mutation: You sometimes emit foul miasma when
                  | damaged in melee. [demonic ancestry]
 10418 | D:10     | Reached XP level 11. HP: 71/84 MP: 11/11
 10562 | D:10     | Noticed a two-headed ogre
 10567 | D:10     | Noticed a two-headed ogre
 10573 | D:10     | Killed a two-headed ogre
 10574 | D:10     | Reached skill level 13 in Long Blades
 10583 | D:10     | Killed a two-headed ogre
 10596 | D:10     | Noticed a sixfirhy
 10606 | D:10     | Noticed a soul eater
 10606 | D:10     | Reached **** piety under Trog
 10722 | D:10     | Noticed Snorg
 10732 | D:10     | Killed Snorg
 10925 | D:11     | Found a staircase to the Lair.
 10982 | D:11     | Found a runed translucent gate.
 10982 | D:11     | Found a runed translucent gate.
 10982 | D:11     | Found a runed translucent gate.
 10985 | D:11     | You fall into a shaft and drop 1 floor!
 11007 | D:12     | Reached skill level 14 in Long Blades
 11017 | D:12     | Noticed a two-headed ogre
 11027 | D:12     | Killed from afar by a gargoyle

Illustrated notes

Levels and vault maps discovered:
D:1:      onia_arrival_handbag, layout_basic, basic_ecumenical_altar,
          serial_shops, nicolae_shop_bloodbath_and_beyond, chequers_garden,
          chequers_serial_rivers_micro_c
D:2:      layout_basic, basic_altar
D:3:      layout_basic, mainiacjoe_overflow_concentric_impassable,
          mainiacjoe_overflow_cross_hatched, trog_butcher_becter
D:4:      layout_layer_cave, general_overflow_altar, kennysheep_big_empty_room,
          uniq_duvessa
D:5:      layout_layer_cave, hangedman_abyss_or_decor_passed
D:6:      layout_layer_cave, nicolae_wu_jian_glorious_leap, serial_shops,
          nicolae_shop_waterfront, nicolae_shop_waterfront,
          nicolae_stop_n_shop_2, shop_coins, gammafunk_ghost_nasty_kobolds,
          st_stairs_4, uniq_crazy_yiuf_cottage
D:7:      layout_rooms, minmay_temple_entry_crystal_x, gammafunk_ghost_arena,
          serial_glass, glass_columns_a, glass_columns_b, glass_columns_a,
          glass_columns_b, glass_columns_a, glass_columns_b, glass_columns_b,
          glass_columns_a, glass_columns_b, glass_columns_a, glass_columns_a,
          glass_columns_a, glass_columns_b, glass_columns_c, grunt_decor_clamped
D:8:      layout_cave_pools, mainiacjoe_overflow_24_doors,
          minmay_misc_feat_doors, amcnicky_mini_rare_corridor_liquid, uniq_grum
D:9:      layout_gridville, nicolae_overflow_squiral
D:10:     layout_basic, orc_0_dummy, uniq_snorg
D:11:     layout_long_grid, erik_lair_orcish_takeover,
          gammafunk_ghost_necromancy
D:12:     wander_river, layout_basic, portal_ice_cave_demonic_guard,
          nicolae_sif_muna_little_library
Temple:   jpeg_temple_clearing

Skill      XL: |  1  2  3  4  5  6  7  8  9 10 11 |
---------------+----------------------------------+-----
Evocations     | 1 2 |  2.0
Long Blades    | 3 4 5 6 7 9 11 12 14 | 14.0
Stealth        | 1 2 |  2.0
Armour         | 1 3 |  3.0
Dodging        | 3 4 |  4.0
Fighting       | 4 7 8 |  8.0
Shields        | 4 |  4.8
Throwing       | 2 |  2.0

Action                     |  1- 3 |  4- 6 |  7- 9 | 10-12 || total
---------------------------+-------+-------+-------+-------++-------
  Melee: Long sword        |   119 |   150 |   120 |       ||   389
         Scimitar          |       |       |   180 |   272 ||   452
  Throw: Stone             |     5 |     7 |    19 |       ||    31
         Dart              |       |       |       |    10 ||    10
         Javelin           |       |       |       |     1 ||     1
 Invoke: Berserk           |       |       |     2 |     2 ||     4
         Trog's Hand       |       |       |       |     2 ||     2
  Evoke: Wand              |       |       |     3 |     4 ||     7
    Use: Scroll            |     7 |     4 |     6 |     6 ||    23
         Potion            |       |     1 |     3 |     2 ||     6
   Stab: Sleeping          |     3 |     1 |       |       ||     4
         Distracted        |     1 |       |       |       ||     1
 Armour: Leather armour    |    14 |       |       |       ||    14
         Ring mail         |    29 |    48 |       |       ||    77
         Steam dragon scal |       |    12 |    50 |       ||    62
         Chain mail        |       |       |    79 |    26 ||   105
         Scale mail        |       |       |       |    97 ||    97
         Skin              |       |       |       |    13 ||    13
  Dodge: Dodged            |    72 |    62 |   137 |   132 ||   403
  Block: Buckler           |    17 |    49 |   103 |   143 ||   312

Table legend: (Time is in decaauts)
 A = Elapsed time spent in this place.
 B = Non-inter-level travel time spent in this place.
 C = Inter-level travel time spent in this place.
 D = Time resting spent in this place.
 E = Time spent auto-exploring this place.
 F = Levels seen in this place.
 G = Mean time per level.
                   A        B        C        D        E       F      G
               +--------+--------+--------+--------+--------+-----+--------+
         Total |  11096 |   9560 |   1536 |   1017 |   5873 |  13 |  853.5 |
       Dungeon |  11006 |   9488 |   1518 |   1017 |   5814 |  12 |  917.2 |
        Temple |     90 |     73 |     17 |      0 |     59 |   1 |   90.0 |
               +--------+--------+--------+--------+--------+-----+--------+

Top non-repeatable levels by time:
     D:6: 1796 daAuts
     D:4: 1495 daAuts
     D:5: 1440 daAuts
     D:3: 1147 daAuts
     D:9: 1107 daAuts
     D:7: 956 daAuts
     D:1: 895 daAuts
     D:2: 849 daAuts
     D:8: 656 daAuts
    D:10: 614 daAuts
  Temple: 90 daAuts
    D:12: 39 daAuts
    D:11: 7 daAuts
